 Dungeon Crawl Stone Soup version 0.23.2-1-ga50397a (webtiles) character file.

Game seed: 1707071920572528728

310 troglodite the Magician (level 6, -2/38 HPs)
             Began as an Octopode Wizard on May 20, 2019.
             Was a Follower of Dithmenos.
             Slain by a howler monkey (3 damage)
             ... on level 3 of the Dungeon.
             The game lasted 00:25:19 (4922 turns).

troglodite the Magician (Octopode Wizard)           Turns: 4922, Time: 00:25:19

Health: -2/38      AC:  1    Str:  7    XL:     6   Next: 41%
Magic:  12/12      EV: 14    Int: 20    God:    Dithmenos [*.....]
Gold:   123        SH:  0    Dex: 12    Spells: 8/14 levels left

rFire    + . .     SeeInvis .   m - +2 hand axe (chop)
rCold    . . .     Gourm    .   (no shield)
rNeg     . . .     Faith    .   a - +0 hat
rPois    .         Spirit   .   (no amulet)
rElec    .         Reflect  .   k - ring of protection from fire
rCorr    .         Harm     .   (no ring)
MR       .....                  (no ring)
Stlth    ++++......             (no ring)
HPRegen  0.12/turn              (no ring)
MPRegen  0.13/turn              (no ring)
                                (no ring)
                                (no ring)

@: wreathed by umbra
A: almost no armour, stealthy swim, amphibious, 8 rings, constrict 8, camouflage
1, gelatinous body 1
a: Renounce Religion


You were on level 3 of the Dungeon.
You worshipped Dithmenos.
Dithmenos was aware of your devotion.
You were not hungry.

You visited 1 branch of the dungeon, and saw 4 of its levels.

You collected 123 gold pieces.

Inventory:

Hand Weapons
 m - a +2 hand axe of chopping (weapon)
Armour
 a - a +0 hat (worn)
Jewellery
 k - a ring of protection from fire (left tentacle)
Wands
 o - a wand of disintegration (12)
Scrolls
 b - a scroll of teleportation {unknown}
 d - 4 scrolls of identify {unknown}
 e - 2 scrolls of fog {unknown}
 f - 2 scrolls of enchant weapon {unknown}
 g - 2 scrolls of amnesia {unknown}
 h - 3 scrolls of magic mapping {unknown}
 i - a scroll of remove curse {unknown}
 j - 2 scrolls of fear {unknown}
 q - a scroll of enchant armour {unknown}
 s - a scroll of noise {unknown}
Potions
 l - a potion of flight {unknown}
 p - 2 potions of mutation {unknown}
 r - a potion of haste {unknown}
Comestibles
 c - 5 rations
 n - 4 chunks of flesh


   Skills:
 * Level 1.5 Fighting
   Level 0.4 Short Blades
 * Level 0.7 Axes
 * Level 2.9 Dodging
 + Level 3.1 Stealth
 * Level 4.5 Spellcasting
 * Level 3.1 Conjurations
 * Level 1.5 Summonings
   Level 1.0 Translocations
 * Level 0.8 Fire Magic


You had 8 spell levels left.
You knew the following spells:

 Your Spells              Type           Power        Failure   Level  Hunger
a - Magic Dart            Conj           ###.         3%          1    None
b - Call Imp              Summ           ##......     10%         2    #......
c - Conjure Flame         Conj/Fire      ##......     16%         3    ##.....

Your spell library contained the following spells:

 Spells                   Type           Power        Failure   Level  Hunger
 Blink                    Tloc           N/A          12%         2    #......
 Slow                     Hex            #.......     19%         2    #......
 Mephitic Cloud           Conj/Pois/Air  #.......     24%         3    ##.....


Dungeon Overview and Level Annotations

Branches:
Dungeon (4/15)
 Temple: D:4-7

Altars:
Dithmenos
Trog
Wu Jian


Innate Abilities, Weirdness & Mutations

You cannot wear most types of armour.
You are very stealthy in the water. (Stealth+)
You are amphibious.
You can wear up to eight rings at the same time.
You can use your tentacles to constrict eight enemies at once.
Your skin changes colour to match your surroundings (Stealth+).
Your rubbery body absorbs attacks. (AC +1, EV +1)


Message History

You constrict the iguana, but do no damage.
The iguana barely misses you. The howler monkey hits you.
* * * LOW HITPOINT WARNING * * *
Unknown command.
You slash the iguana! You squeeze the iguana.
You kill the iguana!
Dithmenos accepts your kill.
You hit the howler monkey. The howler monkey hits you.
* * * LOW HITPOINT WARNING * * *
The howler monkey hits you.
* * * LOW HITPOINT WARNING * * *
You closely miss the howler monkey. You grab the howler monkey.
The howler monkey is heavily wounded.
You constrict the howler monkey.
The howler monkey hoots and howls with incredible vigour!
Unknown command.
You hit the howler monkey but do no damage.
The howler monkey is heavily wounded.
You constrict the howler monkey. The howler monkey hits you.
You die...

...## #....# #..(... ....# #....#
##(.... ....## #....### ##....
###..# #......## ####.### # ##.#
#####....#..#####(...###
####.#####......................#
##.........#...÷..##..###.#####..
.#.#......##....>h###.##.........
.#.######.......@†........#######
......#####.......###.###.#######
...................##.###.##.....
......#####........##.##..#......
......# #........##..#.#.......
.#.#### #.........#....#.......
.#.# #............#.........
.#.## ###.####...............
....# #..#....#.#..#.......


You could see a howler monkey.

Vanquished Creatures
  A scorpion (D:4)
  An iguana (D:3)
  2 orc wizards (D:3)
  4 gnolls (D:3)
  5 adders
  An ooze (D:1)
  2 worms
  A dart slug (D:1)
  12 orcs
  12 bats
  2 giant cockroaches (D:1)
  8 goblins
  7 hobgoblins
  2 jackals (D:3)
  10 kobolds
  3 ball pythons
  5 frilled lizards
  8 rats
86 creatures vanquished.

Notes
Turn   | Place    | Note
-------+----------+-------------------------------------------
     0 | D:1      | troglodite the Octopode Wizard began the quest for the Orb.
     0 | D:1      | Reached XP level 1. HP: 11/11 MP: 4/4
   139 | D:1      | Reached XP level 2. HP: 16/18 MP: 0/6
   717 | D:1      | Reached XP level 3. HP: 22/22 MP: 0/8
  1670 | D:2      | Found a bloodstained altar of Trog.
  1670 | D:2      | Found an ornate altar of the Wu Jian Council.
  1919 | D:2      | Reached XP level 4. HP: 27/27 MP: 6/9
  2037 | D:2      | Found a shadowy altar of Dithmenos.
  2057 | D:2      | Became a worshipper of Dithmenos the Shadowed
  2254 | D:3      | Reached skill level 1 in Fighting
  3029 | D:3      | Learned a level 2 spell: Call Imp
  3033 | D:3      | Learned a level 3 spell: Conjure Flame
  3040 | D:3      | Reached skill level 4 in Spellcasting
  3171 | D:3      | Reached XP level 5. HP: 18/33 MP: 2/11
  3750 | D:3      | Reached * piety under Dithmenos
  4143 | D:3      | Reached XP level 6. HP: 38/38 MP: 6/12
  4920 | D:3      | HP: 1/38 [howler monkey (1)]
  4922 | D:3      | Slain by a howler monkey

Skill      XL: |  1  2  3  4  5  6 |
---------------+-------------------+-----
Fighting       | 1 |  1.5
Conjurations   | 2 3 |  3.1
Spellcasting   | 4 |  4.5
Stealth        | 3 |  3.1
Short Blades   | |  0.4
Axes           | |  0.7
Dodging        | |  2.9
Summonings     | |  1.5
Translocations | |  1.0
Fire Magic     | |  0.8

Action                   |  1- 3 |  4- 6 || total
-------------------------+-------+-------++-------
Melee: Unarmed           |    10 |       ||    10
       Constrict         |     8 |    14 ||    22
       Short sword       |    13 |     3 ||    16
       Tentacles         |     1 |     6 ||     7
       Hand axe          |       |    38 ||    38
       Whip              |       |     5 ||     5
 Cast: Magic Dart        |   109 |   165 ||   274
       Call Imp          |       |     1 ||     1
 Stab: Distracted        |       |     1 ||     1
  Eat: Chunk             |     3 |     6 ||     9
       Ration            |       |     1 ||     1
Armor: Skin              |     3 |     5 ||     8
Dodge: Dodged            |    24 |    74 ||    98
